 Dungeon Crawl Stone Soup version 0.22-a0-422-g9628fc8 (webtiles) character file.

14077 Borgoz the Nimble (level 12, -2/115 HPs)
             Began as a Gargoyle Fighter on May 21, 2018.
             Was a Priest of the Shining One.
             Slain by a minotaur (22 damage)
             ... in a labyrinth.
             The game lasted 00:29:44 (12476 turns).

Borgoz the Nimble (Gargoyle Fighter)               Turns: 12476, Time: 00:29:45

Health: -2/115     AC: 26    Str: 20      XL:     12   Next: 12%
Magic:  9/12       EV:  2    Int: 11 (13) God:    the Shining One [***...]
Gold:   797        SH: 16    Dex: 18      Spells: 11/11 levels left

rFire    + . .     SeeInvis .   a - +4 whip of Cur Alog {speed, Int+3}
rCold    + . .     Gourm    .   c - +0 shield
rNeg     + + +     Faith    .   (armour currently unavailable)
rPois    ∞         Spirit   .   (helmet currently unavailable)
rElec    .         Reflect  .   (cloak currently unavailable)
rCorr    .         Harm     .   (gloves currently unavailable)
MR       .....     NoTele   +   (boots currently unavailable)
Stlth    +.........             F - amulet of the acrobat
HPRegen  0.29/turn              M - ring of protection from fire
MPRegen  0.13/turn              N - ring of protection from cold

@: agile, divine shield, tree-form, glowing
A: negative energy resistance 1, petrification resistance, rot immunity, AC +8
a: Divine Shield, Renounce Religion


You were in a labyrinth.
You worshipped the Shining One.
The Shining One was most pleased with you.
You were very hungry.
You were a tree.
You visited 2 branches of the dungeon, and saw 12 of its levels.
You also visited: Labyrinth and Bailey.

You collected 797 gold pieces.

Inventory:

Hand Weapons
 a - the +4 whip of Cur Alog (weapon) {speed, Int+3}
   (You found it on level 9 of the Dungeon)

   Attacks with this weapon are significantly faster.
   It affects your intelligence (+3).
 b - a +0 mace of holy wrath
Missiles
 s - 13 throwing nets (quivered)
Armour
 c - a +0 shield (worn)
 e - the +0 plate armour "Tyzoirap" {rElec Regen+ SInv}
   (You found it in a bailey)

   It insulates you from electricity.
   It lets you see invisible.
   It increases your rate of regeneration.
 u - a scarf of repulsion (melded)
 y - a +2 scale mail of fire resistance
 z - a +1 pair of gloves of dexterity (melded)
 D - a +2 helmet (melded)
 E - the +0 ring mail of the Okapi {+Fly rC+++ Str-2}
   (You found it in a bailey)

   It affects your strength (-2).
   It renders you almost immune to cold.
   It lets you fly.
 R - the +4 ring mail of Modesty (melded) {Str+2}
   (You found it on level 11 of the Dungeon)

   It affects your strength (+2).
Jewellery
 F - an amulet of the acrobat (around neck)
 M - a ring of protection from fire (left branch)
 N - a ring of protection from cold (right branch)
Wands
 k - a wand of iceblast (7)
 l - a wand of flame (32)
 J - a wand of acid (15)
 K - a wand of polymorph (13)
Scrolls
 d - a scroll of amnesia {unknown}
 g - 3 scrolls of fear
 h - 3 scrolls of random uselessness
 i - 2 scrolls of fog {unknown}
 j - 4 scrolls of remove curse
 n - 2 scrolls of immolation
 q - 4 scrolls of enchant armour
 A - a scroll of enchant weapon {unknown}
 B - 2 scrolls of teleportation {unknown}
 G - 3 scrolls of magic mapping
Potions
 m - 3 potions of brilliance
 o - 2 potions of lignification
 r - a potion of cancellation
 t - a potion of haste
 w - a potion of invisibility
 H - 4 potions of flight
 L - 4 potions of degeneration
Comestibles
 f - 24 rations


   Skills:
 + Level 10.1 Fighting
 + Level 9.0 Maces & Flails
 + Level 10.0 Armour
 * Level 10.2 Dodging
 - Level 3.2 Shields


You had 11 spell levels left.
You didn't know any spells.
Your spell library contained the following spells:

 Spells                   Type           Power        Failure   Level  Hunger
 Fireball                 Conj/Fire      #.........   100%        5    ######.
 Apportation              Tloc           #.....       85%         1    ##.....
 Conjure Flame            Conj/Fire      #.......     99%         3    ####...
 Throw Flame              Conj/Fire      #.....       94%         2    ###....
 Summon Small Mammal      Summ           #...         85%         1    ##.....
 Animate Skeleton         Necr           N/A          85%         1    ##.....
 Sticky Flame             Conj/Fire      #.......     100%        4    #####..
 Summon Ice Beast         Ice/Summ       #.......     100%        4    #####..
 Call Imp                 Summ           #.......     94%         2    ###....
 Regeneration             Chrm/Necr      #.........   99%         3    ####...
 Confusing Touch          Hex            #.....       85%         1    ##.....
 Flame Tongue             Conj/Fire      #....        85%         1    ##.....
 Call Canine Familiar     Summ           #.......     99%         3    ####...
 Shroud of Golubria       Chrm/Tloc      #.........   94%         2    ###....
 Inner Flame              Hex/Fire       #.......     99%         3    ####...
 Infusion                 Chrm           #...         85%         1    ##.....
 Song of Slaying          Chrm           #.......     94%         2    ###....
 Spectral Weapon          Hex/Chrm       #.......     99%         3    ####...
 Summon Lightning Spire   Summ/Air       #.......     100%        4    #####..
 Summon Guardian Golem    Hex/Summ       #.......     99%         3    ####...


Dungeon Overview and Level Annotations

Branches:
Dungeon (11/15)            Temple (1/1) D:4            Lair (0/6) D:11
    Orc (0/2) D:11

Altars:
Ashenzari
Cheibriados
Dithmenos
Elyvilon
Fedhas
Gozag
Hepliaklqana
Kikubaaqudgha
Makhleb
Nemelex Xobeh
Okawaru
Qazlal
Ru
Sif Muna
Trog
Uskayaw
Vehumet
Wu Jian
Xom
Yredelemnul
Zin
The Shining One

Shops:
D:7 [   D:11 (


Innate Abilities, Weirdness & Mutations

You are resistant to torment.
((Your stone body is resilient. (AC +8)))
You are immune to poison.
You resist negative energy. (rN+)
((You are resistant to electric shocks. (rElec)))
((You can survive without breathing.))
You are immune to petrification.
You are immune to rotting.


Message History

The minotaur hits you!!
* * * LOW HITPOINT WARNING * * *
The minotaur gores you but does no damage.
You hit the minotaur.
The minotaur is severely wounded.
You hit the minotaur but do no damage.
The minotaur is severely wounded.
You block the minotaur's attack.
The minotaur gores you but does no damage.
You hit the minotaur but do no damage.
The minotaur is severely wounded.
You feel better.
The minotaur hits you but does no damage.
The minotaur gores you.
* * * LOW HITPOINT WARNING * * *
You feel better. You block the minotaur's attack. x2
You whack the minotaur!
The minotaur is almost dead.
The minotaur hits you!!
You die...

≈≈
≈.≈≈
.. ≈.
. ▓ .
≈. .
.▓
#.#▓
#####
###.#
# #
#...
# #
#H###
.
#.♣.#
#. #
#
###.#
#.. .
. .#
# .##
.#.#
.# .
. ..#
. #
.# ..
.# #.
.# ##
## §
§ .


You could see a minotaur.

Vanquished Creatures
  Harold (D:11)
  Fannar (D:10)
  A centaur warrior (D:8)
  2 unseen horrors
  Pikel (D:5)
  An ugly thing (D:10)
  A manticore (D:9)
  Psyche (D:10)
  5 gargoyles
  A rime drake (shapeshifter) (D:9)
  2 trolls (D:9)
  Grinder (D:3)
  A hornet (D:8)
  3 hippogriffs (D:9)
  A shadow (Lab)
  A wraith (D:9)
  A hungry ghost (D:10)
  5 yaks
  A water moccasin (D:7)
  3 ice beasts
  An orc warrior (D:8)
  A sky beast (D:9)
  A slave (D:5)
  7 ogres
  2 phantoms
  3 centaurs
  2 big kobolds
  4 bullfrogs
  9 gnoll sergeants
  4 scorpions
  A wyvern skeleton (D:10)
  11 wights
  3 killer bees (D:10)
  4 howler monkeys
  4 crimson imps
  A quasit (D:9)
  4 centaur zombies
  A bullfrog skeleton (D:5)
  2 centaur skeletons
  3 jellies
  6 gnoll shamans (Bailey)
  4 orc priests
  5 hounds
  Crazy Yiuf (D:5)
  An iguana (D:9)
  15 orc wizards
  13 worker ants
  A hound zombie (D:9)
  A hound skeleton (D:4)
  A killer bee simulacrum (D:9)
  2 worker ant zombies
  6 adders
  18 gnolls
  6 shadow imps
  2 oozes
  2 adder skeletons
  2 worms
  4 dart slugs
  7 leopard geckos
  34 orcs
  8 bats
  2 giant cockroaches
  7 goblins
  7 hobgoblins
  8 jackals
  4 quokkas
  A ball python (D:2)
  6 frilled lizards
  13 kobolds
  A leopard gecko zombie (D:8)
  3 rats
  A spectral orc (D:9)
294 creatures vanquished.

Vanquished Creatures (others)
  A plant (D:11)
1 creature vanquished.

Grand Total: 295 creatures vanquished

Notes
Turn   | Place    | Note
-------+----------+-------------------------------------------
     0 | D:1      | Borgoz the Gargoyle Fighter began the quest for the Orb.
     0 | D:1      | Reached XP level 1. HP: 14/14 MP: 1/1
   113 | D:1      | Reached XP level 2. HP: 19/19 MP: 2/2
   180 | D:1      | Reached skill level 1 in Dodging
   493 | D:1      | Reached XP level 3. HP: 21/23 MP: 3/3
  1025 | D:2      | Reached XP level 4. HP: 25/29 MP: 4/4
  1740 | D:3      | Reached XP level 5. HP: 33/33 MP: 5/5
  2229 | D:3      | Noticed Grinder
  2232 | D:3      | Paralysed by Grinder for 4 turns
  2244 | D:3      | Paralysed by Grinder for 3 turns
  2254 | D:3      | Killed Grinder
  2254 | D:3      | Reached XP level 6. HP: 3/39 MP: 6/6
  2551 | D:3      | Found a shattered altar of Ashenzari.
  2952 | D:4      | Reached XP level 7. HP: 38/44 MP: 7/7
  3202 | D:4      | Found a staircase to the Ecumenical Temple.
  3208 | Temple   | Entered the Ecumenical Temple
  3398 | D:4      | Reached skill level 5 in Fighting
  3534 | D:4      | Reached skill level 5 in Armour
  4231 | D:5      | Entered Level 5 of the Dungeon
  4418 | D:5      | Reached XP level 8. HP: 35/50 MP: 8/8
  4936 | D:5      | Noticed Pikel
  4975 | D:5      | Killed Pikel
  4975 | D:5      | Reached skill level 5 in Maces & Flails
  4975 | D:5      | Reached skill level 5 in Dodging
  5032 | D:5      | Found a stormy altar of Qazlal.
  5051 | D:5      | Reached XP level 9. HP: 54/56 MP: 9/9
  5132 | D:5      | Found a runed door.
  5212 | D:5      | Noticed Crazy Yiuf
  5216 | D:5      | Killed Crazy Yiuf
  5883 | D:6      | Found an iron altar of Okawaru.
  6767 | D:7      | Found Folizuch's Armour Shoppe.
  7394 | D:8      | Noticed a hornet
  7516 | D:8      | Reached XP level 10. HP: 51/63 MP: 10/10
  7557 | D:8      | Found a glowing golden altar of the Shining One.
  7689 | D:8      | Became a worshipper of the Shining One
  8135 | D:8      | Found a sacrificial altar of Ru.
  8276 | D:9      | Noticed a centaur warrior
  8324 | D:8      | Killed a centaur warrior
  8562 | D:9      | Found a flagged portal.
  8611 | Bailey   | Entered a bailey
  8803 | Bailey   | Reached * piety under the Shining One
  9009 | Bailey   | Got a distressingly furry plate armour
  9013 | Bailey   | Got a slimy ring mail
  9119 | Bailey   | Reached XP level 11. HP: 65/69 MP: 11/11
  9411 | D:9      | Noticed a harpy
  9570 | D:9      | Noticed a manticore
  9578 | D:9      | Reached ** piety under the Shining One
  9627 | D:9      | Killed a manticore
  9702 | D:9      | Noticed an unseen horror
  9725 | D:9      | Killed an unseen horror
  9901 | D:9      | Got a crude whip
  9954 | D:9      | Found a glowing silver altar of Zin.
 10062 | D:9      | Found a basalt altar of Yredelemnul.
 10280 | D:10     | Entered Level 10 of the Dungeon
 10290 | D:10     | Identified the +4 whip of Cur Alog {speed, Int+3} (You found it on level 9 of the Dungeon)
 10301 | D:10     | Identified the +0 plate armour "Tyzoirap" {rElec Regen+ SInv} (You found it in a bailey)
 10321 | D:10     | Identified the +0 ring mail of the Okapi {+Fly rC+++ Str-2} (You found it in a bailey)
 10399 | D:10     | Noticed Psyche
 10418 | D:10     | Killed Psyche
 10537 | D:10     | Reached *** piety under the Shining One
 10915 | D:10     | Noticed Fannar
 11012 | D:10     | Killed Fannar
 11089 | D:10     | Noticed a cyan ugly thing
 11121 | D:10     | Killed a cyan ugly thing
 11849 | D:11     | Noticed Harold
 11891 | D:11     | Killed Harold
 11919 | D:11     | Found Timosyor's Antique Weapon Shoppe.
 11925 | D:11     | Found a labyrinth entrance.
 11929 | D:11     | Noticed an unseen horror
 11957 | D:11     | Killed an unseen horror
 11957 | D:11     | Reached skill level 10 in Dodging
 11962 | D:11     | Got a transparent ring mail
 11977 | D:11     | Identified the +4 ring mail of Modesty {Str+2} (You found it on level 11 of the Dungeon)
 11986 | Lab      | Entered a labyrinth
 12099 | Lab      | Reached XP level 12. HP: 77/77 MP: 12/12
 12137 | Lab      | Reached skill level 10 in Fighting
 12159 | Lab      | Reached skill level 10 in Armour
 12415 | Lab      | Noticed a minotaur
 12476 | Lab      | Slain by a minotaur

Vault maps used:
D:1:      nzn_arrival_crosshair, minivault_27
D:3:      cheibrodos_ashenzari_chains, uniq_grinder
D:4:      minmay_temple_entry_statues_pillars, first_ration
D:5:      grunt_qazlal_sundering, uniq_pikel, uniq_crazy_yiuf_cottage
D:6:      lemuel_round_altar, st_stairs_2, water_maze_lemuel
D:7:      serial_shops, shop
D:8:      minitemple
D:9:      minmay_cut_squares, yredelemnul_forgotten_temple_becter,
          enter_bailey_2, basic_altar, blue_anna_alchemist
D:10:     hex_tiny, uniq_psyche, uniq_fannar
D:11:     dpeg_oklobed_lair, orc_0_dummy, serial_shops, shop, lab_entry_generic,
          chequers_guarded_unrand_ignorance, uniq_harold
Temple:   regret_index_temple_mists
Lab:      nicolae_lab_stuck, nicolae_lab_lava, nicolae_lab_big_swirl,
          nicolae_lab_hexagon, lab_statue, nicolae_lab_arrow,
          labyrinth_skeletal_remains, nicolae_lab_flowing_pool, lab_hedge
Bailey:   bailey_polearm_gnolls_kennysheep, bailey

Skill      XL: |  1  2  3  4  5  6  7  8  9 10 11 12 |
---------------+-------------------------------------+-----
Dodging        | 1 2 3 4 5 7 8 10 | 10.2
Fighting       | 4 5 6 7 8 9 10 | 10.1
Armour         | 4 5 6 7 8 9 10 | 10.0
Maces & Flails | 3 4 5 6 7 8 9 |  9.0
Shields        | |  3.2

Action                   |  1- 3 |  4- 6 |  7- 9 | 10-12 || total
-------------------------+-------+-------+-------+-------++-------
Melee: Flail             |   123 |   160 |   573 |   534 ||  1390
       Whip              |       |       |       |   528 ||   528
Throw: Throwing net      |       |       |       |     1 ||     1
Invok: Divine Shield     |       |       |       |     2 ||     2
Evoke: Wand              |       |       |     1 |       ||     1
  Use: Potion            |       |     1 |     1 |    17 ||    19
       Scroll            |       |       |    10 |     9 ||    19
  Eat: Chunk             |     1 |     6 |    13 |    16 ||    36
       Ration            |       |       |     1 |     1 ||     2
Armor: Scale mail        |    65 |    71 |   263 |   278 ||   677
       Skin              |       |       |     1 |    97 ||    98
       Ring mail         |       |       |       |    65 ||    65
Dodge: Dodged            |    52 |    54 |   229 |   524 ||   859
       Deflected         |       |       |     4 |    14 ||    18
Block: Shield            |    66 |    83 |   274 |   471 ||   894

Table legend:
 A = Spawn XP
 B = Non-spawn XP
 C = Spawn XP percentage of total XP
 D = Spawn monster count
 E = Non-spawn monster count
 F = Spawn count percentage of total count
 G = Total turns spent on level
                    A         B        C        D         E        F      G
               +---------+---------+-------+---------+---------+-------+---------
         Total |       0 |   20111 |   0.0 |       0 |     293 |   0.0 | 12476
               +---------+---------+-------+---------+---------+-------+---------
           D:1 |       0 |      37 |   0.0 |       0 |      19 |   0.0 |   717
           D:2 |       0 |     110 |   0.0 |       0 |      21 |   0.0 |   913
           D:3 |       0 |     357 |   0.0 |       0 |      22 |   0.0 |  1220
           D:4 |       0 |     573 |   0.0 |       0 |      23 |   0.0 |  1303
           D:5 |       0 |    1385 |   0.0 |       0 |      18 |   0.0 |  1084
           D:6 |       0 |     409 |   0.0 |       0 |      17 |   0.0 |  1208
           D:7 |       0 |    1575 |   0.0 |       0 |      33 |   0.0 |  1061
           D:8 |       0 |    2438 |   0.0 |       0 |      19 |   0.0 |   953
           D:9 |       0 |    4715 |   0.0 |       0 |      42 |   0.0 |  1318
          D:10 |       0 |    3598 |   0.0 |       0 |      39 |   0.0 |  1283
          D:11 |       0 |    1846 |   0.0 |       0 |       5 |   0.0 |   183
           Lab |       0 |    1868 |   0.0 |       0 |       5 |   0.0 |   490
        Bailey |       0 |    1200 |   0.0 |       0 |      30 |   0.0 |   599
               +---------+---------+-------+---------+---------+-------+---------
